 Dungeon Crawl Stone Soup version 0.25-a0-780-g622e69b (webtiles) character file.

Game seed: 8318605670432441967, levelgen mode: deterministic

245 robertstho the Skirmisher (level 6, -1/52 HPs)
             Began as a Ghoul Fighter on Apr 14, 2020.
             Killed by divine providence
             ... invoked by an orc priest
              (14 damage)
             ... on level 3 of the Dungeon.
             The game lasted 00:03:59 (2240 turns).

robertstho the Skirmisher (Ghoul Fighter)           Turns: 2240, Time: 00:04:01

Health: -1/52      AC:  7    Str: 20    XL:     6   Next: 10%
Magic:  5/5        EV:  7    Int:  5    God:
Gold:   125        SH:  9    Dex:  8    Spells: 5/5 levels left

rFire    . . .     SeeInvis .     - Unarmed
rCold    + . .     Gourm    .   b - +0 kite shield
rNeg     + + +     Faith    .   a - +0 scale mail
rPois    ∞         Spirit   .   (no helmet)
rElec    .         Reflect  .   (no cloak)
rCorr    .         Harm     .   (no gloves)
MR       +....                  (no boots)
Stlth    ..........             (no amulet)
HPRegen  0.00/turn              m - ring of protection from magic
MPRegen  0.09/turn              (no ring)

@: rotting
A: rotting body, claws 1, carnivore, cold resistance 1, negative energy
resistance 3, inhibited regeneration, torment resistance, unbreathing
a: no special abilities


You were on level 3 of the Dungeon.
You were not hungry.

You visited 1 branch of the dungeon, and saw 3 of its levels.
You also visited: Sewer.

You collected 125 gold pieces.

Inventory:

Missiles
 q - 15 poisoned darts (quivered)
Armour
 a - a +0 scale mail (worn)
 b - a +0 kite shield (worn)
Jewellery
 m - a ring of protection from magic (left claw)
Wands
 s - a wand of acid (13)
Scrolls
 g - 2 scrolls of amnesia {unknown}
 h - a scroll of remove curse {unknown}
 i - 2 scrolls of magic mapping {unknown}
 k - 2 scrolls of teleportation {unknown}
 l - 2 scrolls of enchant weapon {unknown}
 n - 4 scrolls of identify {unknown}
 p - 3 scrolls of blinking {unknown}
 t - a scroll of immolation {unknown}
 v - a scroll of random uselessness {unknown}
Potions
 c - 2 potions of might
 e - a potion of haste {unknown}
 f - a potion of heal wounds {unknown}
 j - 2 potions of flight {unknown}
 o - a potion of invisibility {unknown}
 r - a potion of curing
Miscellaneous
 u - a lightning rod (4/4)
Comestibles
 d - 7 rations
 w - 5 chunks of flesh


   Skills:
 * Level 4.1 Fighting
 * Level 4.0 Armour
 * Level 1.5 Dodging
 + Level 0.1 Stealth
 + Level 3.3 Shields
 + Level 3.7 Unarmed Combat


You had 5 spell levels left.
You didn't know any spells.
Your spell library contained the following spells:

 Spells                   Type           Power        Failure   Level  Hunger
 Animate Skeleton         Necr           N/A          100%        1    ##.....
 Apportation              Tloc           #.....       100%        1    ##.....
 Corona                   Hex            #......      100%        1    ##.....
 Summon Small Mammal      Summ           #...         100%        1    ##.....


Dungeon Overview and Level Annotations

Branches:
Dungeon (3/15)              Sewer (visited)

Altars:
Elyvilon

Annotations:
D:3 1 runed translucent door


Innate Abilities, Weirdness & Mutations

Your body is rotting away.
You thrive on raw meat.
You are immune to poison.
You have sharp fingernails.
You are carnivorous and can eat meat at any time.
Your flesh is cold resistant. (rC+)
You are immune to negative energy. (rN+++)
You do not regenerate when monsters are visible.
You are immune to unholy pain and torment.
You can survive without breathing.


Message History

You barely miss the orc warrior.
The orc warrior is lightly wounded.
The orc priest barely misses you. The orc hits you but does no damage.
The orc wizard hits you with a +0 dagger.
The orc warrior hits you with a +0 mace!
You are too injured to fight recklessly!
You are too injured to fight recklessly!
You are too injured to fight recklessly!
You are too injured to fight recklessly!
You are too injured to fight recklessly!
You are too injured to fight recklessly!
You are too injured to fight recklessly!
Unknown command.
The orc wizard barely misses you. You block the orc's attack.
The orc wizard casts a spell at you. The magic dart hits you.
* * * LOW HITPOINT WARNING * * *
The orc priest mumbles some strange prayers to Beogh against you.
Beogh smites you!
You die...

############# #
............ #
...........# #
...........# #
...........# #
.......o...# #
.....ooo...##########
#
......oo@.÷'........#
#
......oo...########.#
# ...........# #.# #
...........# #.# #
...........# #.# ##
.#+#......## #.# #.
######.# #.# #. #.#
#.# #. #.# #.


You could see an orc warrior, 3 orc priests, 2 orc wizards and 2 orcs.

Vanquished Creatures
  Purgy (Sewer)
  Natasha (D:3)
  4 adders
  An ooze (D:2)
  2 worms (D:2)
  3 dart slugs
  An orc (D:3)
  A ball python (D:3)
  5 giant cockroaches
  9 hobgoblins
  6 jackals
  A quokka (D:3)
  7 bats
  7 frilled lizards
  6 goblins
  9 kobolds
  6 rats
70 creatures vanquished.

Notes
Turn   | Place    | Note
-------+----------+-------------------------------------------
     0 | D:1      | robertstho the Ghoul Fighter began the quest for the Orb.
     0 | D:1      | Reached XP level 1. HP: 19/19 MP: 0/0
   178 | D:1      | Reached XP level 2. HP: 18/26 MP: 1/1
   789 | D:2      | Reached XP level 3. HP: 17/33 MP: 2/2
   941 | D:2      | Reached XP level 4. HP: 37/40 MP: 3/3
  1110 | D:2      | Reached skill level 1 in Dodging
  1623 | D:3      | Noticed Natasha
  1644 | D:3      | Killed Natasha
  1644 | D:3      | Reached XP level 5. HP: 16/46 MP: 4/4
  1731 | D:3      | Found a runed translucent door.
  1731 | D:3      | Found a white marble altar of Elyvilon.
  1731 | D:3      | Noticed an angel
  1932 | D:3      | Found a glowing drain.
  1949 | Sewer    | Entered a sewer
  1984 | Sewer    | Noticed Purgy
  2013 | Sewer    | Killed Purgy
  2013 | Sewer    | Reached XP level 6. HP: 30/52 MP: 5/5
  2231 | D:3      | Noticed an orc warrior
  2240 | D:3      | Killed from afar by an orc priest

Levels and vault maps discovered:
D:1:      dpeg_arrival_boxorama, layout_loops_ring, hangedman_decor_growths
D:2:      layout_basic, minmay_misc_feat_nine_boxes
D:3:      layout_basic, first_ration, portal_sewer_entry_d,
          kennysheep_crisscross, lemuel_angel_altar, uniq_natasha

Skill      XL: |  1  2  3  4  5 |
---------------+----------------+-----
Armour         | 3 4 |  4.0
Shields        | 3 |  3.3
Dodging        | 1 |  1.5
Unarmed Combat | 3 |  3.7
Fighting       | 4 |  4.1
Stealth        | |  0.1

Action                   |  1- 3 |  4- 6 || total
-------------------------+-------+-------++-------
Melee: Unarmed           |   128 |   190 ||   318
  Use: Potion            |       |     1 ||     1
  Eat: Chunk             |     8 |     5 ||    13
Armor: Scale mail        |    64 |   105 ||   169
Dodge: Dodged            |    42 |    78 ||   120
Block: Kite shield       |    57 |   111 ||   168

Table legend:
 A = Non-vault XP
 B = Vault XP
 C = Vault XP percentage of total XP
 D = Non-vault monster count
 E = Vault monster count
 F = Vault count percentage of total count
                 A         B        C        D         E       F
            +---------+---------+-------+---------+---------+-------
      Total |     155 |     196 |  55.8 |      62 |       8 |  11.4
            +---------+---------+-------+---------+---------+-------
        D:1 |      31 |       0 |   0.0 |      19 |       0 |   0.0
        D:2 |      98 |       0 |   0.0 |      29 |       0 |   0.0
        D:3 |      26 |      49 |  65.3 |      14 |       2 |  12.5
      Sewer |       0 |     147 | 100.0 |       0 |       6 | 100.0
            +---------+---------+-------+---------+---------+-------
